 Dungeon Crawl Stone Soup version 0.24-a0-307-gf989941 (webtiles) character file.

Game seed: 6798801974067676817

7687 gruber the Protected (level 11, -3/70 HPs)
             Began as a Halfling Hunter on May 13, 2019.
             Was an Elder of Okawaru.
             Killed from afar by a gargoyle (17 damage)
             ... with a stone arrow
             ... on level 10 of the Dungeon.
             The game lasted 00:29:56 (13221 turns).

gruber the Protected (Halfling Hunter)             Turns: 13221, Time: 00:29:56

Health: -3/70      AC: 16    Str: 15    XL:     11   Next: 41%
Magic:  16/16      EV: 17    Int:  9    God:    Okawaru [****..]
Gold:   472        SH:  9    Dex: 19    Spells: 10/10 levels left

rFire    . . .     SeeInvis .   I - +2 short sword (flame)
rCold    . . .     Gourm    .   v - +2 buckler
rNeg     . . .     Faith    .   u - +1 scale mail {rPois}
rPois    +         Spirit   .   (no helmet)
rElec    .         Reflect  .   (no cloak)
rCorr    .         Harm     .   D - +0 pair of gloves
MR       .....                  B - +0 pair of boots
Stlth    +++.......             y - amulet of rage
HPRegen  0.21/turn              C - +2 ring of strength
MPRegen  0.15/turn              x - +4 ring of protection

@: no status effects
A: small, mutation resistance 1
a: Heroism, Renounce Religion, Evoke Berserk Rage


You were on level 10 of the Dungeon.
You worshipped Okawaru.
Okawaru was greatly pleased with you.
You were not hungry.

You visited 2 branches of the dungeon, and saw 11 of its levels.

You collected 556 gold pieces.
You spent 84 gold pieces at shops.

Inventory:

Hand Weapons
 a - a +1 hunting sling
 q - a +0 short sword of speed
 F - a +0 dagger of venom
 I - a +2 short sword of flaming (weapon)
Missiles
 h - 108 stones
 p - a throwing net
 r - 67 poisoned darts (quivered)
 G - 3 atropa-tipped darts
 J - 101 sling bullets
Armour
 c - a +0 leather armour
 u - a +1 scale mail of poison resistance (worn)
 v - a +2 buckler (worn)
 B - a +0 pair of boots (worn)
 D - a +0 pair of gloves (worn)
Jewellery
 g - an uncursed ring of resist corrosion
 x - a +4 ring of protection (right hand)
 y - an amulet of rage (around neck)
 C - a +2 ring of strength (left hand)
Wands
 s - a wand of digging (6)
 H - a wand of acid (10)
 K - a wand of random effects (29)
Scrolls
 b - a scroll of blinking {unknown}
 d - a scroll of fog {unknown}
 i - 8 scrolls of remove curse {unknown}
 j - 3 scrolls of random uselessness {unknown}
 k - 8 scrolls of identify
 l - a scroll of immolation {unknown}
 m - 2 scrolls of enchant armour {unknown}
 n - a scroll of amnesia {unknown}
 o - 2 scrolls of teleportation
 w - a scroll of noise {unknown}
 A - 2 scrolls of enchant weapon {unknown}
 L - a scroll of vulnerability {unknown}
 O - 2 scrolls of fear {unknown}
 P - a scroll of acquirement {unknown}
Potions
 t - 2 potions of lignification
 z - 2 potions of haste {unknown}
 E - 3 potions of brilliance {unknown}
 M - a potion of ambrosia {unknown}
 N - a potion of degeneration {unknown}
 Q - a potion of berserk rage {unknown}
Comestibles
 f - 14 rations


   Skills:
 * Level 4.5 Fighting
 - Level 1.2 Short Blades
 - Level 9.0 Slings
 - Level 9.1 Armour
 - Level 7.0 Dodging
 - Level 9.1 Stealth
 - Level 6.5 Shields
 * Level 6.9 Invocations


You had 10 spell levels left.
You didn't know any spells.
Your spell library contained the following spells:

 Spells                   Type           Power        Failure   Level  Hunger
 Animate Skeleton         Necr           N/A          77%         1    ##.....
 Pain                     Necr           #...         77%         1    ##.....
 Regeneration             Chrm/Necr      #.........   98%         3    ####...
 Vampiric Draining        Necr           #.........   98%         3    ####...
 Animate Dead             Necr           N/A          100%        4    #####..


Dungeon Overview and Level Annotations

Branches:
Dungeon (10/15)            Temple (1/1) D:4            Lair (0/6) D:8
    Orc: D:9-12

Altars:
Ashenzari
Cheibriados
Dithmenos
Elyvilon
Fedhas
Gozag
Hepliaklqana
Kikubaaqudgha
Makhleb
Nemelex Xobeh
Okawaru
Qazlal
Ru
Sif Muna
Trog
Uskayaw
Vehumet
Wu Jian
Xom
Yredelemnul
Zin
The Shining One
Lugonu

Shops:
D:7 =


Innate Abilities, Weirdness & Mutations

You are small and have problems with some larger weapons.
You are somewhat resistant to further mutation.


Message History

You barely miss the gargoyle.
The gargoyle is almost destroyed.
You hit the gargoyle but do no damage.
The gargoyle is almost destroyed.
The gargoyle hurls a stone arrow at you.
The stone arrow misses you.
You hit the gargoyle but do no damage.
The gargoyle is almost destroyed.
You block the gargoyle's attack.
You hit the gargoyle but do no damage.
The gargoyle is almost destroyed.
You hit the gargoyle but do no damage.
The gargoyle is almost destroyed.
You feel like a meek peon again. The gargoyle hits you with a +0 mace.
* * * LOW HITPOINT WARNING * * *
You feel better.
The gargoyle hurls a stone arrow at you.
The stone arrow hits you!
You die...

#.# #.# #.# #.#
#.# #.# #.# #.#
#.# #.#########)#
#.#
#..........<####.#
#............[.#.#
#.############.#.#
#.# .# #.#.# #.#
#.# #.#@# #.# #.#
#.#9# #.# ...
#.#.# #.# #.#
#.#.# #.# #.#
#.#.#
#.#####.####.#.#.#
#.#..........#.#.#
#.#.###.######.#.#
#.#.# #........#


You could see a gargoyle.

Vanquished Creatures
  A two-headed ogre (D:9)
  Pikel (D:7)
  A centaur skeleton (D:10)
  Prince Ribbit (D:6)
  A hippogriff (D:7)
  Sigmund (D:6)
  6 yaks
  A spriggan (D:9)
  A basilisk (D:8)
  A wyvern (D:10)
  Menkaure (D:6)
  2 hungry ghosts
  4 porcupines (D:8)
  4 orc warriors
  A sky beast (D:8)
  A slave (D:6)
  4 ice beasts
  A necrophage (D:8)
  A phantom (D:6)
  2 ogres
  A centaur (D:9)
  A crocodile (D:8)
  4 big kobolds
  3 bullfrogs
  A scorpion (D:8)
  5 killer bees (D:8)
  A howler monkey (D:7)
  2 wights (D:7)
  2 electric eels (D:6)
  3 crimson imps
  A quasit (D:9)
  A bullfrog zombie (D:7)
  A centaur zombie (D:6)
  4 hounds
  2 jellies
  A gnoll shaman (D:7)
  6 orc priests
  Jessica (D:1)
  4 iguanas
  Terence (D:2)
  10 orc wizards
  6 worker ants
  A hound zombie (D:7)
  A howler monkey zombie (D:8)
  8 gnolls
  A worker ant zombie (D:5)
  11 adders
  2 shadow imps (D:6)
  2 adder skeletons
  A worm (D:3)
  2 dart slugs (D:1)
  7 leopard geckos
  37 orcs
  A ball python (D:1)
  14 bats
  10 giant cockroaches
  12 hobgoblins
  14 jackals
  6 quokkas
  A frilled lizard (D:1)
  20 kobolds
  A leopard gecko skeleton (D:4)
  A leopard gecko zombie (D:8)
  A quokka skeleton (D:6)
  11 rats
262 creatures vanquished.

Vanquished Creatures (others)
  3 slaves (D:7)
  2 wights (D:7)
  A jelly (D:7)
  4 orcs (D:7)
  A bush (D:6)
  9 plants
20 creatures vanquished.

Grand Total: 282 creatures vanquished

Notes
Turn   | Place    | Note
-------+----------+-------------------------------------------
     0 | D:1      | gruber the Halfling Hunter began the quest for the Orb.
     0 | D:1      | Reached XP level 1. HP: 14/14 MP: 1/1
   335 | D:1      | Reached XP level 2. HP: 15/19 MP: 2/2
   970 | D:1      | Reached XP level 3. HP: 13/24 MP: 3/3
  1516 | D:2      | Noticed Jessica
  1528 | D:1      | Killed Jessica
  1528 | D:1      | Reached skill level 1 in Short Blades
  1528 | D:1      | Reached XP level 4. HP: 20/29 MP: 4/4
  2300 | D:2      | Reached XP level 5. HP: 29/34 MP: 5/5
  2529 | D:2      | Found a glowing golden altar of the Shining One.
  2557 | D:2      | Noticed Terence
  2625 | D:2      | Killed Terence
  3380 | D:3      | Reached skill level 1 in Shields
  3724 | D:3      | Reached XP level 6. HP: 35/39 MP: 6/6
  4294 | D:4      | Noticed an ogre
  4303 | D:4      | Killed an ogre
  4322 | D:4      | Found a staircase to the Ecumenical Temple.
  4554 | Temple   | Entered the Ecumenical Temple
  4576 | Temple   | Became a worshipper of Warmaster Okawaru
  5024 | D:5      | Entered Level 5 of the Dungeon
  5028 | D:5      | Reached XP level 7. HP: 44/44 MP: 7/7
  5212 | D:5      | Reached skill level 5 in Shields
  5517 | D:5      | Found a stormy altar of Qazlal.
  5612 | D:5      | Reached * piety under Okawaru
  5612 | D:5      | Reached XP level 8. HP: 28/49 MP: 8/8
  5995 | D:6      | Found a glowing silver altar of Zin.
  6116 | D:6      | Reached skill level 5 in Armour
  7407 | D:6      | Noticed Prince Ribbit
  7437 | D:6      | Killed Prince Ribbit
  7437 | D:6      | Reached ** piety under Okawaru
  7437 | D:6      | Reached XP level 9. HP: 28/54 MP: 9/9
  7727 | D:6      | Noticed Sigmund
  7753 | D:6      | Noticed Menkaure
  7809 | D:6      | Found a snail-covered altar of Cheibriados.
  7811 | D:6      | Found an ornate altar of the Wu Jian Council.
  7814 | D:6      | Found a hazy altar of Hepliaklqana.
  8029 | D:6      | Killed Menkaure
  8196 | D:6      | Killed Sigmund
  8315 | D:7      | Noticed a two-headed ogre
  8666 | D:7      | Noticed Pikel
  8692 | D:7      | Killed Pikel
  8692 | D:7      | Reached skill level 5 in Dodging
  9484 | D:7      | Reached *** piety under Okawaru
  9484 | D:7      | Reached XP level 10. HP: 59/60 MP: 10/10
  9888 | D:7      | Found Xuicazen's Jewellery Boutique.
  9923 | D:7      | Bought a cursed amulet of inaccuracy for 26 gold pieces
  9923 | D:7      | Bought a cursed ring of attention for 58 gold pieces
 10390 | D:8      | Received a gift from Okawaru
 10654 | D:8      | Reached skill level 5 in Stealth
 10709 | D:8      | Reached **** piety under Okawaru
 10709 | D:8      | Received a gift from Okawaru
 11098 | D:8      | Found a staircase to the Lair.
 11252 | D:8      | Found a shimmering altar of Xom.
 11272 | D:8      | Found a deep blue altar of Sif Muna.
 11272 | D:8      | Found a basalt altar of Yredelemnul.
 11291 | D:8      | Found a sparkling altar of Nemelex Xobeh.
 11357 | D:8      | Reached XP level 11. HP: 70/70 MP: 8/11
 11489 | D:8      | Found a shattered altar of Ashenzari.
 11530 | D:8      | Found a hide-covered altar of Uskayaw.
 11784 | D:9      | Reached skill level 1 in Invocations
 11982 | D:9      | Found a bloodstained altar of Trog.
 11998 | D:9      | Noticed a two-headed ogre
 12035 | D:9      | Killed a two-headed ogre
 12035 | D:9      | Received a gift from Okawaru
 12058 | D:9      | Reached skill level 5 in Invocations
 12636 | D:10     | Entered Level 10 of the Dungeon
 12776 | D:10     | Found a blossoming altar of Fedhas.
 13221 | D:10     | Killed from afar by a gargoyle

Levels and vault maps discovered:
D:1:      minmay_arrival_split_and_join, layout_basic
D:2:      layout_loops_ring, lemuel_crystal_altar, first_ration,
          minmay_pentomino_w2, uniq_terence, uniq_jessica
D:3:      layout_basic
D:4:      layout_gridville, temple_doors_e
D:5:      layout_rooms, nicolae_qazlal_general_emergency
D:6:      cheibrodos_helix_gallery, layout_loops_corners, lemuel_round_altar,
          gammafunk_temple_overflow_forgotten, uniq_menkaure, uniq_sigmund,
          uniq_prince_ribbit1
D:7:      layout_loops_ring, serial_shops, shop_fountains, uniq_pikel
D:8:      layout_rooms, nemelex_xobeh_ov_fountains_minmay, kennysheep_mini_moat,
          nicolae_overflow_quartered_altars, minmay_lair_entry_grove,
          st_stairs_10
D:9:      layout_basic, old_standard_altar, grunt_pizzeria
D:10:     layout_basic, basic_altar, uniq_joseph
Temple:   corrupted_temple

Skill      XL: |  1  2  3  4  5  6  7  8  9 10 11 |
---------------+----------------------------------+-----
Slings         | 6 7 8 9 |  9.0
Short Blades   | 1 |  1.2
Shields        | 2 4 6 |  6.5
Armour         | 2 7 9 |  9.1
Dodging        | 7 |  7.0
Fighting       | 4 |  4.5
Stealth        | 8 9 |  9.1
Invocations    | 6 |  6.9

Action                   |  1- 3 |  4- 6 |  7- 9 | 10-12 || total
-------------------------+-------+-------+-------+-------++-------
Melee: Short sword       |   146 |    74 |    89 |    52 ||   361
       Dagger            |       |       |    62 |    30 ||    92
 Fire: Hunting sling     |     6 |   169 |   456 |   722 ||  1353
Throw: Throwing net      |       |     1 |       |       ||     1
       Dart              |       |    16 |    36 |    10 ||    62
Invok: Heroism           |       |       |     4 |     4 ||     8
  Use: Scroll            |       |       |     5 |       ||     5
       Potion            |       |       |       |     2 ||     2
 Stab: Sleeping          |     3 |     1 |       |       ||     4
  Eat: Chunk             |     2 |     9 |     8 |     5 ||    24
       Ration            |       |       |     2 |     2 ||     4
Armor: Leather armour    |    25 |    26 |    22 |       ||    73
       Scale mail        |       |       |    38 |    81 ||   119
Dodge: Dodged            |   105 |    83 |   138 |   231 ||   557
Block: Buckler           |       |    26 |   103 |   181 ||   310

Table legend:
 A = Non-vault XP
 B = Vault XP
 C = Vault XP percentage of total XP
 D = Non-vault monster count
 E = Vault monster count
 F = Vault count percentage of total count
                 A         B        C        D         E       F
            +---------+---------+-------+---------+---------+-------
      Total |    7027 |    3955 |  36.0 |     236 |      26 |   9.9
            +---------+---------+-------+---------+---------+-------
        D:1 |      45 |      37 |  45.1 |      24 |       1 |   4.0
        D:2 |      48 |      50 |  51.0 |      16 |       3 |  15.8
        D:3 |      98 |       0 |   0.0 |      31 |       0 |   0.0
        D:4 |     255 |       0 |   0.0 |      13 |       0 |   0.0
        D:5 |     519 |       0 |   0.0 |      25 |       0 |   0.0
        D:6 |     889 |     718 |  44.7 |      33 |       5 |  13.2
        D:7 |    1215 |     838 |  40.8 |      40 |       2 |   4.8
        D:8 |    1194 |    2107 |  63.8 |      20 |      14 |  41.2
        D:9 |    1459 |     205 |  12.3 |      18 |       1 |   5.3
       D:10 |    1305 |       0 |   0.0 |      16 |       0 |   0.0
            +---------+---------+-------+---------+---------+-------
